 Dungeon Crawl Stone Soup version 0.30-a0-169-g06f667207d (webtiles) character file.

Game seed: 1161566194236426445

536 qw the Chopper (level 7, -12/44 HPs)
             Began as a Gargoyle Fighter on Sept 29, 2022.
             Was an Initiate of Okawaru.
             Mangled by an ogre
             ... wielding a +0 giant club
              (28 damage)
             ... on level 4 of the Dungeon.
             The game lasted 00:01:00 (3713 turns).

qw the Chopper (Gargoyle Fighter)                   Turns: 3713, Time: 00:01:00

Health: -12/44     AC: 16    Str: 22    XL:     7   Next: 25%
Magic:  7/7        EV:  6    Int:  8    God:    Okawaru [......]
Gold:   162        SH:  4    Dex:  9    Spells: 6/6 levels left

rFire   . . .      SeeInvis .    Y - +0 war axe
rCold   . . .      Faith    .    c - +0 buckler
rNeg    + . .      Spirit   .    k - +0 plate armour
rPois   inf        Reflect  .    (no helmet)
rElec   +          Harm     .    (no cloak)
rCorr   .          Rampage  .    (no gloves)
Will    .....                    (no boots)
Stlth   ..........               (no amulet)
HPRegen 0.14/turn                (no ring)
MPRegen 0.10/turn                (no ring)

@: no status effects
A: sickness immunity, AC +4, negative energy resistance 1, electricity
resistance, torment resistance 1, petrification resistance
a: Renounce Religion


You were on level 4 of the Dungeon.
You worshipped Okawaru.
Okawaru was noncommittal.
You visited 2 branches of the dungeon, and saw 5 of its levels.

You collected 187 gold pieces.
You spent 25 gold pieces at shops.


Innate Abilities, Weirdness & Mutations

You are immune to sickness and miasma.
Your stone body is resilient. (AC +4)
You are immune to poison.
You resist negative energy. (rN+)
You are resistant to electric shocks. (rElec)
You are resistant to unholy torment.
You are immune to petrification.


   Skills:
 - Level 4.5 Fighting
 + Level 6.3 Axes
 - Level 3.2 Armour
 - Level 1.3 Dodging
 - Level 3.2 Shields


You had 6 spell levels left.
You didn't know any spells.
Your spell library was empty.

Inventory:

Hand Weapons
 l - a +0 mace of protection
 Y - a +0 war axe (weapon)
Armour
 c - a +0 buckler (worn)
 k - a +0 plate armour (worn)
Scrolls
 m - a scroll of identify
Potions
 a - a potion of attraction
 b - a potion of curing {unknown}
 d - 2 potions of might
 e - 2 potions of lignification
 f - a potion of resistance
 g - a potion of flight {unknown}
 i - a potion of magic {unknown}

Dungeon Overview and Level Annotations

Branches:
Dungeon (4/15)             Temple (1/1) D:4

Altars:
Ashenzari
Fedhas
Gozag
Kikubaaqudgha
Makhleb
Nemelex Xobeh
Okawaru
Qazlal
Ru
Sif Muna
Trog
Wu Jian
Xom
Yredelemnul
Zin
The Shining One

Shops:
D:2 *   D:4 *


Message History

The ogre is severely wounded.
The ogre barely misses you.
You slash the ogre!
You kill the ogre!
Okawaru accepts your kill.
Your Axes skill increases to level 6!
3633 ||| STAIRDANCE You climb upwards.
There is a stone staircase leading down here.
You start resting.
HP restored.
Done exploring.
(D) Dungeon (T) Temple
Where to? (* - list waypoints, Enter - D:4, ? - help)
What level of the Dungeon? (default 1, ? - help)
You climb downwards.
There is a stone staircase leading up here.
An ogre comes into view. It is wielding a +0 giant club.
Found a ring mail.
The ogre shouts!
Enter note: You hit the ogre.
The ogre is lightly wounded.
The ogre hits you with a +0 giant club!
You hit the ogre.
The ogre is moderately wounded.
You block the ogre's attack.
You slash the ogre!
The ogre is severely wounded.
You hit the ogre.
The ogre is severely wounded.
The ogre hits you with a +0 giant club!
You hit the ogre.
The ogre is severely wounded.
The ogre barely misses you.
You hit the ogre but do no damage.
The ogre is severely wounded.
The ogre hits you with a +0 giant club!!
Ouch! That really hurt!
You die...

#.P.P....# #~. ..
#........###~. .
####.......%.. .##
#.....#.'). ..# #
#.....###~. #
#.#.# ####### #~.
#.##.#.# #~~
#.[..O.#########
##~ #@# #.......#
## #.###.#####.# #
#........##.#####
#####.##........##
#.#####.###<).
#.......# ####
#########


You could see an ogre.

Vanquished Creatures
  A water moccasin (D:4)
  2 black bears (D:4)
  An ogre (D:4)
  A scorpion (D:4)
  An iguana (D:4)
  4 adders
  A worm (D:2)
  A dart slug (D:2)
  6 ball pythons
  6 endoplasms
  2 giant cockroaches (D:3)
  A goblin (D:3)
  5 hobgoblins
  5 kobolds
  6 bats
  A frilled lizard (D:1)
  2 rats
46 creatures vanquished.

Notes
Turn   | Place    | Note
-------+----------+-------------------------------------------
     0 | D:1      | qw the Gargoyle Fighter began the quest for the Orb.
     0 | D:1      | Reached XP level 1. HP: 14/14 MP: 1/1
     0 | D:1      | 0 ||| qw: Version: 0.2-a-12-gaebbb33
     0 | D:1      | 0 ||| qw: Game counter: 1287
     0 | D:1      | 0 ||| qw: Always use a shield: true
     0 | D:1      | 0 ||| qw: God list: Okawaru
     0 | D:1      | 0 ||| qw: Allow faded altars: false
     0 | D:1      | 0 ||| qw: Do Orc after D:15 true
     0 | D:1      | 0 ||| qw: Do second Lair branch before Depths: true
     0 | D:1      | 0 ||| qw: Lair rune preference: random
     0 | D:1      | 0 ||| qw: Plans: Normal, Zot:1-4, God:TSO, Crypt, Tomb,
                  | Pan, Slime:5, Hells, Abyss, Orb
     0 | D:1      | 0 ||| PLANNING D:1-11
    17 | D:1      | Found a faded altar of an unknown god.
   129 | D:1      | Reached skill level 2 in Axes
   354 | D:1      | Reached XP level 2. HP: 18/19 MP: 2/2
   528 | D:1      | 528 ||| READING scroll labelled LEASIT IFORRE.
   529 | D:1      | 529 ||| READING scroll labelled CIGENIN FOGITA.
   561 | D:2      | 561 ||| DROPPING +0 club.
   647 | D:2      | Found Idisek's Assorted Antiques.
   663 | D:2      | 663 ||| Stepping ~*~*~tactically~*~*~ (stealth).
   664 | D:2      | 664 ||| SHOPLISTING pair of gloves (126 gold, have 52).
   664 | D:2      | 664 ||| BUYING puce potion (25 gold).
   664 | D:2      | Bought a puce potion for 25 gold pieces
   664 | D:2      | 664 ||| SHOPLISTING scroll labelled FAEN RORHOUM (28 gold,
                  | have 27).
   674 | D:2      | 674 ||| Stepping ~*~*~tactically~*~*~ (stealth).
   710 | D:2      | Reached skill level 3 in Axes
   710 | D:2      | Reached XP level 3. HP: 18/23 MP: 3/3
  1218 | D:2      | 1218 ||| FLEEEEING.
  1331 | D:2      | 1331 ||| DROPPING +0 whip.
  1502 | D:2      | 1502 ||| READING scroll labelled MUXZOE KEXZEIX.
  1503 | D:2      | 1503 ||| READING scroll labelled ORI JARIASA.
  1506 | D:2      | 1506 ||| DRINKING 2 bubbling brown potions.
  1538 | D:2      | 1538 ||| DRINKING 2 yellow potions.
  1639 | D:2      | 1639 ||| DROPPING potion of ambrosia.
  1732 | D:3      | 1732 ||| FLEEEEING.
  1787 | D:3      | Reached XP level 4. HP: 28/28 MP: 4/4
  1795 | D:3      | 1795 ||| Stepping ~*~*~tactically~*~*~ (stealth).
  2155 | D:3      | 2155 ||| Stepping ~*~*~tactically~*~*~ (stealth).
  2166 | D:3      | Reached skill level 4 in Axes
  2431 | D:3      | You fall into a shaft and drop 1 floor!
  2431 | D:4      | Found a glowing silver altar of Zin.
  2549 | D:4      | Noticed a black bear
  2550 | D:4      | Noticed a black bear
  2551 | D:4      | 2551 ||| Stepping ~*~*~tactically~*~*~ (stealth).
  2562 | D:4      | Killed a black bear
  2563 | D:4      | Reached skill level 5 in Axes
  2563 | D:4      | Reached XP level 5. HP: 21/32 MP: 5/5
  2672 | D:4      | Found a bloodstained altar of Trog.
  2689 | D:4      | Killed a black bear
  2690 | D:4      | Reached XP level 6. HP: 22/39 MP: 6/6
  2692 | D:4      | Reached skill level 1 in Dodging
  2859 | D:4      | Found Ukeor's Serpentskin Sales.
  2859 | D:4      | Noticed a water moccasin
  2866 | D:4      | Killed a water moccasin
  2867 | D:4      | Reached XP level 7. HP: 29/44 MP: 7/7
  2984 | D:4      | Found a staircase to the Ecumenical Temple.
  2986 | D:4      | 2986 ||| PLANNING TEMPLE
  2986 | D:4      | 2986 ||| DROPPING orb of guile.
  2987 | D:4      | 2987 ||| UPGRADING to +0 plate armour.
  2997 | D:4      | 2997 ||| DROPPING +0 scale mail.
  2998 | D:4      | 2998 ||| UPGRADING to amulet of guardian spirit.
  3003 | D:4      | 3003 ||| READING scroll labelled PUAGALUTHO.
  3004 | D:4      | 3004 ||| READING scroll labelled JAJOHO SUDUMUT.
  3005 | D:4      | 3005 ||| READING 3 scrolls labelled FAEN RORHOUM.
  3006 | D:4      | 3006 ||| READING scroll labelled VUENATETAU.
  3007 | D:4      | 3007 ||| READING 2 scrolls of identify.
  3007 | D:4      | 3007 ||| IDENTIFYING black potion
  3012 | D:4      | 3012 ||| READING scroll of teleportation.
  3075 | D:4      | 3075 ||| READING scroll labelled NYARUN BINNA.
  3103 | Temple   | Entered the Ecumenical Temple
  3161 | Temple   | 3161 ||| PLANNING D:1-11
  3178 | Temple   | 3178 ||| PLANNING OKAWARU WORSHIP
  3178 | Temple   | Became a worshipper of Warmaster Okawaru
  3179 | Temple   | 3179 ||| PLANNING D:1-11
  3179 | Temple   | 3179 ||| REMOVING amulet of guardian spirit.
  3184 | Temple   | 3184 ||| DROPPING amulet of guardian spirit.
  3346 | D:4      | Found an ancient bone altar of Kikubaaqudgha.
  3596 | D:3      | 3596 ||| DRINKING 2 metallic yellow potions.
  3633 | D:4      | Reached skill level 6 in Axes
  3633 | D:4      | 3633 ||| STAIRDANCE
  3713 | D:4      | Mangled by an ogre

Levels and vault maps discovered:
D:1:      grunt_arrival_lava_bath, layout_loops_ring,
          ebering_ecumenical_altar_hall
D:2:      layout_rooms, serial_shops, nicolae_shop_crystal, nicolae_eternal_life
D:3:      layout_basic
D:4:      layout_loops_cross, trog_ov_bears_minmay, zin_academy,
          mainiacjoe_overflow_alcove_2, minmay_temple_entry_slanted,
          kennysheep_cross_room, guppyfry_shop_venom
Temple:   nicolae_temple_god_jail

Skill      XL: |  1  2  3  4  5  6  7 |
---------------+----------------------+-----
Axes           | 2 3 5 6 |  6.3
Fighting       | 4 |  4.5
Dodging        | 1 |  1.3
Armour         | |  3.2
Shields        | |  3.2

Action                   |  1- 3 |  4- 6 |  7- 9 || total
-------------------------+-------+-------+-------++-------
Melee: War axe           |    98 |    42 |    19 ||   159
  Use: Scroll            |     4 |       |     7 ||    11
       Potion            |     2 |       |     1 ||     3
Armor: Scale mail        |    48 |    27 |       ||    75
       Plate armour      |       |       |     3 ||     3
Dodge: Dodged            |    44 |    24 |     5 ||    73
Block: Buckler           |    24 |     8 |     2 ||    34

Table legend:
 A = Non-vault XP
 B = Vault XP
 C = Vault XP percentage of total XP
 D = Non-vault monster count
 E = Vault monster count
 F = Vault count percentage of total count
                 A         B        C        D         E       F
            +---------+---------+-------+---------+---------+-------
      Total |     354 |     413 |  53.8 |      43 |       3 |   6.5
            +---------+---------+-------+---------+---------+-------
        D:1 |      14 |       0 |   0.0 |       9 |       0 |   0.0
        D:2 |      49 |       0 |   0.0 |      14 |       0 |   0.0
        D:3 |      50 |       0 |   0.0 |      15 |       0 |   0.0
        D:4 |     241 |     413 |  63.1 |       5 |       3 |  37.5
            +---------+---------+-------+---------+---------+-------
